 Dungeon Crawl Stone Soup version 0.29-a0-668-g12ee2bf84d (webtiles) character file.

Game seed: 14919861976083676841

65 purpskrrrp the Chopper (level 3, 0/25 (26) HPs)
             Began as a Demonspawn Wanderer on June 24, 2022.
             Succumbed to a goblin's poison
             ... on level 2 of the Dungeon.
             The game lasted 00:05:34 (2141 turns).

purpskrrrp the Chopper (Demonspawn Wanderer)        Turns: 2141, Time: 00:05:35

HP:   0/25 (26)     AC:  4    Str: 16    XL:     3   Next: 94%
MP:   4/6           EV: 11    Int: 13    God:
Gold: 136           SH:  0    Dex: 10    Spells: 5/6 levels left

rFire   . . .      SeeInvis .   a - +2 hand axe
rCold   . . .      Faith    .   (no shield)
rNeg    . . .      Spirit   .   d - +0 leather armour
rPois   .          Reflect  .   (no helmet)
rElec   .          Harm     .   (no cloak)
rCorr   .          Rampage  .   e - +0 pair of gloves
Will    .....                   (no boots)
Stlth   +.........              (no amulet)
HPRegen 0.08/turn               (no ring)
MPRegen 0.10/turn               (no ring)

@: lethally poisoned (0 -> -2), very slightly contaminated, lightly drained
A: demonic guardian 1, powered by pain 1
a: no special abilities


You were on level 2 of the Dungeon.
You visited 1 branch of the dungeon, and saw 2 of its levels.

You collected 136 gold pieces.

Inventory:

Hand Weapons
 a - a +2 hand axe (weapon)
Missiles
 h - 4 poisoned darts
Armour
 d - a +0 leather armour (worn)
 e - a +0 pair of gloves (worn)
Scrolls
 f - 2 scrolls of fear {unknown}
 o - a scroll of teleportation {unknown}
 p - a scroll of summoning {unknown}
Potions
 c - a potion of attraction
 g - a potion of curing {unknown}
 i - 2 potions of magic {unknown}
 j - a potion of flight {unknown}
 k - a potion of invisibility {unknown}
 l - a potion of brilliance {unknown}
 m - a potion of degeneration {unknown}
 n - a potion of heal wounds {unknown}
Miscellaneous
 b - a piece from Xom's chessboard (15/15)


   Skills:
 + Level 1.1 Fighting
 + Level 3.3 Axes
 + Level 1.3 Armour
 + Level 1.0 Dodging
 + Level 2.1 Spellcasting
 + Level 2.3 Summonings
 + Level 2.2 Evocations


You had 5 spell levels left.
You knew the following spells:

 Your Spells              Type           Power      Damage    Failure   Level
a - Summon Small Mammal   Summ           28%        N/A       12%         1

Your spell library contained the following spells:

 Spells                   Type           Power      Damage    Failure   Level
 Call Canine Familiar     Summ           7%         N/A       34%         3


Dungeon Overview and Level Annotations

Branches:
Dungeon (2/15)

Altars:

Annotations:
D:2 Robin


Innate Abilities, Weirdness & Mutations

A weak demonic guardian rushes to your aid.
You sometimes gain a little power by taking damage.


Message History

You hit the goblin.
You kill the goblin!
You feel very sick.
Your bat barely misses the goblin.
A goblin comes into view. It is wielding a +2 dagger of draining.
Robin throws the goblin at you!
You swap places.
You feel sick.
Your bat hits the goblin.
The goblin dies!
The goblin hits your bat with a +2 dagger of draining!
Your bat dies!
Your bat's corpse disappears in a puff of smoke!
Robin throws the goblin at you!
You see here a +1 dagger of venom.
The goblin attacks as you move away! The goblin barely misses you.
You feel sick.
Casting: Summon Small Mammal (safe; 12% risk of failure)
Press: ? - help, Q - select action, (/) - cycle Dir - look around, f - activate You miscast Summon Small Mammal.
You are very lightly contaminated with residual magic.
Nothing appears to happen.
You feel sick.
Casting: Summon Small Mammal (safe; 12% risk of failure)
Press: ? - help, Q - select action, (/) - cycle Dir - look around, f - activate You feel sick.
The goblin hits your bat with a +0 club.
Your bat dies!
Your bat's corpse disappears in a puff of smoke!
The goblin closely misses you.
You closely miss the goblin. You barely miss the goblin.
You feel sick.
The goblin barely misses you. x2; The goblin misses you.
The goblin hits you but does no damage.
You hit the goblin.
You kill the goblin!
You miss the goblin.
You feel sick. The goblin misses you. The goblin attacks as you move away!
The goblin hits you with a +2 dagger of draining.
* * * LOW HITPOINT WARNING * * *
You feel drained.
* * * LOW HITPOINT WARNING * * *
You die... gg..

######### #..
#.......# #g#
#.......# #.#
#.......# #g#
#.......# ###g###
#.......# #)gg..#
#.......#
#.###.####.......#
#@# #.............
#.###.#####.....##
#.....#####.....##
####
###.#.##........†.
...###
#......#####.###
.....#######
###.#### #.###
##.........# #.#
#.... ...#.#####.#
#.############
.#.#.# #.#
#.......<.#


You could see Robin and 2 goblins.

Vanquished Creatures
  2 adders (D:2)
  A worm (D:2)
  4 endoplasms
  5 goblins
  4 hobgoblins
  4 jackals (D:1)
  A quokka (D:2)
  2 ball pythons (D:2)
  6 bats
  6 frilled lizards
  A kobold (D:1)
  5 rats
41 creatures vanquished.

Vanquished Creatures (collateral kills)
  A ball python (D:2)
  A goblin (D:2)
2 creatures vanquished.

Grand Total: 43 creatures vanquished

Notes
Turn   | Place    | Note
-------+----------+-------------------------------------------
     0 | D:1      | purpskrrrp the Demonspawn Wanderer began the quest for the
                  | Orb.
     0 | D:1      | purpskrrrp set off with the following items: a +2 hand axe,
                  | a piece from Xom's chessboard (15/15), a potion of
                  | attraction, a +0 leather armour; and the following spell
                  | memorised: Summon Small Mammal; and the following spells
                  | available to memorise: Call Canine Familiar.
     0 | D:1      | Reached XP level 1. HP: 13/13 MP: 3/3
   171 | D:1      | Reached skill level 3 in Axes
   175 | D:1      | Gained mutation: A weak demonic guardian rushes to your
                  | aid. [demonic ancestry]
   175 | D:1      | Reached XP level 2. HP: 14/19 MP: 5/5
  1155 | D:2      | Gained mutation: You sometimes gain a little power by
                  | taking damage. [demonic ancestry]
  1155 | D:2      | Reached XP level 3. HP: 17/24 MP: 6/6
  1397 | D:2      | Found a faded altar of an unknown god.
  1530 | D:2      | Reached skill level 1 in Fighting
  1776 | D:2      | Reached skill level 1 in Armour
  2128 | D:2      | Noticed Robin
  2141 | D:2      | HP: 1/25 [goblin/+2 dagger of draining[Robin] (1)]
  2141 | D:2      | Succumbed to a goblin's poison

Illustrated notes

Levels and vault maps discovered:
D:1:      psy_arrival_fountain, layout_basic
D:2:      layout_loops_cross, ebering_ecumenical_altar_sacrificial, uniq_robin

Skill      XL: |  1  2  3 |
---------------+----------+-----
Axes           | 3 |  3.3
Fighting       | 1 |  1.1
Armour         | 1 |  1.3
Dodging        | |  1.0
Spellcasting   | |  2.1
Summonings     | |  2.3
Evocations     | |  2.2

Action                   || total
-------------------------++-------
Melee: Hand axe          ||   124
       Punch             ||     1
 Cast: Summon Small Mamm ||     4
  Use: Scroll            ||     4
       Potion            ||     1
Armor: Leather armour    ||    46
Dodge: Dodged            ||    90

Table legend: (Time is in decaauts)
 A = Elapsed time spent in this place.
 B = Non-inter-level travel time spent in this place.
 C = Inter-level travel time spent in this place.
 D = Time resting spent in this place.
 E = Time spent auto-exploring this place.
 F = Levels seen in this place.
 G = Mean time per level.
                   A        B        C        D        E       F      G
               +--------+--------+--------+--------+--------+-----+--------+
         Total |   2158 |   2105 |     53 |    399 |   1388 |   2 | 1079.0 |
       Dungeon |   2158 |   2105 |     53 |    399 |   1388 |   2 | 1079.0 |
               +--------+--------+--------+--------+--------+-----+--------+

Top non-repeatable levels by time:
     D:1: 1128 daAuts
     D:2: 1029 daAuts
